 Dungeon Crawl Stone Soup version 0.31-a0-142-g31f6795574 (webtiles) character file.

Game seed: 3898082965156086007

49457 pokeman the Eclecticist (level 14, -15/78 HPs)
             Began as a Deep Elf Hedge Wizard on June 3, 2023.
             Was a High Priest of Vehumet.
             Hit by a large rock thrown by a stone giant (44 damage)
             ... in a volcano.
             The game lasted 00:57:28 (22979 turns).

pokeman the Eclecticist (Deep Elf Hedge Wizard)    Turns: 22979, Time: 00:57:28

Health: -15/78     AC: 12    Str:  3    XL:     14   Next: 16%
Magic:  47/49      EV: 13    Int: 25    God:    Vehumet [*****.]
Gold:   1232       SH:  0    Dex: 14    Spells: 20/53 levels left

rFire   . . .        M - staff of conjuration
rCold   . . .        (no shield)
rNeg    + + .        Q - +1 steam dragon scales
rPois   .            r - +1 hat
rElec   .            J - +1 cloak
rCorr   +            H - +0 pair of gloves
SInv    +            o - +0 pair of boots
Will    ++...        (no amulet)
Stlth   ++           Z - ring of magical power
HPRegen 0.33/turn    T - ring "Plog" {rN++ Will+ rCorr Str-4 SInv}
MPRegen 0.31/turn

%: no passive effects
@: no status effects
A: no striking features
a: Renounce Religion


You were in a volcano.
You worshipped Vehumet.
Vehumet was extremely pleased with you.
You visited 3 branches of the dungeon, and saw 19 of its levels.
You also visited: Volcano.

You collected 1232 gold pieces.

Inventory:

Hand Weapons
 i - a +4 whip of electrocution
 l - a +1 dagger of draining
Missiles
 x - 7 curare-tipped darts
 W - a throwing net
Armour
 a - a +0 buckler
 o - a +0 pair of boots (worn)
 r - a +1 hat (worn)
 H - a +0 pair of gloves (worn)
 J - a +1 cloak (worn)
 Q - +1 steam dragon scales (worn)
Magical Staves
 e - a staff of earth
 M - a staff of conjuration (weapon)
Jewellery
 C - a ring of willpower
 T - the ring "Plog" (right hand) {rN++ Will+ rCorr Str-4 SInv}
   (You took it off an orc on level 11 of the Dungeon)

   [ring of willpower]

   Str:       It affects your strength (-4).
   rN:        It greatly protects you from negative energy.
   SInv:      It lets you see invisible.
   rCorr:     It protects you from acid and corrosion.
   Will:      It increases your willpower.
 Y - a ring of flight
 Z - a ring of magical power (left hand)
Wands
 c - a wand of iceblast (16)
 V - a wand of polymorph (9)
Scrolls
 q - a scroll of blinking
 y - a scroll of magic mapping
 A - 4 scrolls of poison {unknown}
 E - a scroll of immolation {unknown}
 L - 2 scrolls of fear {unknown}
 O - a scroll of brand weapon {unknown}
 S - a scroll of noise {unknown}
 X - 2 scrolls of teleportation {unknown}
Potions
 b - 3 potions of curing
 d - a potion of magic
 k - 4 potions of heal wounds {unknown}
 p - a potion of lignification {unknown}
 t - 4 potions of haste
 u - 4 potions of degeneration {unknown}
 w - 2 potions of enlightenment {unknown}
 B - a potion of resistance {unknown}
 F - 2 potions of berserk rage {unknown}
 G - 3 potions of might {unknown}
 K - a potion of mutation {unknown}
Miscellaneous
 m - a tin of tremorstones (2/2)
 D - a box of beasts


   Skills:
 + Level 5.6 Fighting
 - Level 5.2 Armour
 - Level 3.0 Dodging
 - Level 3.0 Stealth
 - Level 5.0 Shields
 * Level 20.3 Spellcasting
 + Level 12.3 Conjurations
 - Level 1.1 Summonings
 - Level 2.0 Necromancy
 - Level 1.1 Translocations
 + Level 11.6 Fire Magic
 - Level 1.0 Ice Magic
 - Level 2.1 Air Magic
 - Level 1.0 Earth Magic
 - Level 1.0 Poison Magic
 - Level 1.0 Evocations


You had 20 spell levels left.
You knew the following spells:

 Your Spells              Type           Power      Damage    Failure   Level
a - Magic Dart            Conj           100%       1d8       0%          1
b - Mephitic Cloud        Conj/Pois/Air  67%        N/A       1%          3
c - Call Imp              Summ           60%        N/A       1%          2
d - Blink                 Tloc           60%        N/A       1%          2
e - Flame Wave            Conj/Fire      91%        2d19      1%          4
f - Freezing Cloud        Conj/Ice/Air   33%        6-21      1%          5
g - Plasma Beam           Fire/Air       28%        2x1d40    4%          6
h - Lee's Rapid Deconstr  Erth           15%        3d10*     9%          5
i - Iskenderun's Battles  Conj           92%        2d14      1%          5

Your spell library contained the following spells:

 Spells                   Type           Power      Damage    Failure   Level
 Fulminant Prism          Conj/Hex       35%        3d18      1%          4
 Apportation              Tloc           60%        N/A       1%          1
 Necrotise                Necr           100%       1d9       1%          1
 Slow                     Hex            100%       N/A       1%          1
 Summon Small Mammal      Summ           100%       N/A       1%          1
 Cigotuvi's Dreadful Rot  Necr/Pois/Air  68%        N/A       1%          2
 Ensorcelled Hibernation  Hex/Ice        56%        N/A       1%          2
 Sublimation of Blood     Necr           35%        N/A       1%          2
 Frozen Ramparts          Ice            60%        1d10      1%          3
 Ignite Poison            Fire/Tmut/Pois 46%        N/A       1%          3
 Inner Flame              Hex/Fire       53%        N/A       1%          3
 Sticky Flame             Conj/Fire      91%        2d10      1%          4
 Arcjolt                  Conj/Air       37%        1d47      1%          5
 Passwall                 Tmut/Erth      22%        N/A       2%          2
 Wereblood                Tmut           25%        N/A       2%          2
 Swiftness                Air            35%        N/A       2%          3
 Vhi's Electric Charge    Tloc/Air       66%        N/A       2%          3
 Spider Form              Tmut/Pois      28%        N/A       4%          3
 Anguish                  Hex/Necr       15%        N/A       11%         4
 Summon Ice Beast         Ice/Summ       30%        N/A       11%         4
 Ice Form                 Ice/Tmut       28%        N/A       14%         4
 Summon Forest            Summ/Tloc      15%        N/A       30%         5
 Summon Mana Viper        Hex/Summ       28%        N/A       36%         5
 Summon Cactus Giant      Summ           15%        N/A       86%         6
 Summon Hydra             Summ           15%        N/A       100%        7


Dungeon Overview and Level Annotations

Branches:
Dungeon (13/15)            Temple (1/1) D:4            Lair (5/5) D:10
  Swamp (0/4) Lair:3       Spider (0/4) Lair:3        Slime (0/5) Lair:4
    Orc (0/2) D:12        Volcano (1/1)
 Vaults: D:13-14

Altars:
Ashenzari
Cheibriados
Dithmenos
Elyvilon
Fedhas
Gozag
Kikubaaqudgha
Makhleb
Nemelex Xobeh
Qazlal
Ru
Sif Muna
Trog
Vehumet
Wu Jian
Yredelemnul
Zin
The Shining One

Shops:
D:4 :   D:7 [   D:11 (

Annotations:
D:13 3 runed translucent doors, Faxuebb's ghost, journeyman GnCj


Message History

The air gets thick with the scent of sulphur.
In the distance, the volcano erupts with a roar.
Casting: Plasma Beam (dangerous; 4% risk of failure)
Confirm with . or Enter, or press ? or * to list all spells.
Casting: Plasma Beam (dangerous; 4% risk of failure)
Press: ? - help, Dir - look around, f - activate The bolt of lightning hits the gargoyle but does no damage.
The gargoyle is moderately damaged.
The fiery plasma hits the gargoyle.
The gargoyle is heavily damaged.
You hear a shout!
Casting: Plasma Beam (dangerous; 4% risk of failure)
Confirm with . or Enter, or press ? or * to list all spells.
Casting: Plasma Beam (dangerous; 4% risk of failure)
Press: ? - help, Dir - look around, f - activate The bolt of lightning hits the gargoyle!
The gargoyle resists.
The gargoyle is almost destroyed.
The fiery plasma hits the gargoyle!
You destroy the gargoyle!
Vehumet accepts your kill.
You start resting.
Magic restored.
You see here a +0 mace of protection.
The stone giant shouts!
The stone giant completely misses you.
The stone giant attacks as you move away!
The stone giant hits you!!
The stone giant attacks as you move away!
The stone giant hits you!!
Casting: Plasma Beam (dangerous; 4% risk of failure)
Confirm with . or Enter, or press ? or * to list all spells.
A tiny devil pulls itself out of the air.
Your cerulean imp says, "I'm here!"
The stone giant hits you but does no damage.
You swap places.
The stone giant throws a large rock.
The large rock barely misses your cerulean imp.
The large rock hits you!!!
Ouch! That really hurt!
You die...

.≈. ##..≈≈ #E#
##...≈≈ 8.8
#####8....≈
#b###.........≈
###
#∩##.####8.....
#88##.#.##
####...
##C#.##.# ####
#5#.###.## #
##@###8##.# #
#.###≈###.#
#.#...##)##
##.###..## ###
####


You could see a stone giant (ally target) and a friendly cerulean imp
(summoned).

Vanquished Creatures
  Gastronok (Lair:1)
  Nessos (Lair:4)
  Erolcha (D:11)
  6 hydras
  The ghost of snackwell the Fighter, a journeyman DjHs of Makhleb (D:8)
  A boulder beetle (D:13)
  5 two-headed ogres
  A death yak (Lair:3)
  A catoblepas (Lair:3)
  2 tengu warriors (D:13)
  4 skeletal warriors (D:10)
  Pikel (D:6)
  An ugly thing (D:13)
  An oklob plant (Lair:3)
  2 cyclopes
  4 black mambas
  Joseph (D:10)
  An elephant (Lair:1)
  4 gargoyles
  2 unseen horrors
  3 torpor snails
  Maggie (D:10)
  14 cane toads
  5 komodo dragons
  A rime drake (Lair:2)
  2 tengu conjurers (D:13)
  3 meliai (D:13)
  A troll (D:11)
  A hornet (D:8)
  4 blink frogs (Lair:1)
  6 dream sheep
  2 shadows
  3 wraiths
  37 yaks
  3 wyverns
  7 spriggans (Lair:1)
  Grum (D:10)
  A steam dragon (Lair:3)
  8 basilisks
  7 fire bats (Volcano)
  A redback (Lair:3)
  12 vampire mosquitoes
  An acid dragon (D:10)
  8 water moccasins
  A sky beast (D:6)
  4 orc warriors
  3 black bears
  2 ogres
  14 wolves
  5 centaurs
  A phantom (D:5)
  3 kobold brigands
  4 necrophages (D:6)
  3 gnoll sergeants
  18 bullfrogs
  A water moccasin zombie (D:6)
  6 scorpions
  3 wights (D:8)
  3 killer bees (D:7)
  4 howler monkeys
  6 electric eels
  7 lava snakes (Volcano)
  5 hounds
  A bullfrog zombie (D:6)
  5 orc priests
  2 gnoll boudas
  A sleepcap (D:7)
  Ijyb (D:3)
  8 iguanas
  13 orc wizards
  A howler monkey zombie (D:6)
  22 gnolls
  6 adders
  2 shadow imps
  An ufetubus (D:5)
  2 worms
  A dart slug (D:2)
  41 orcs
  4 ball pythons
  4 bats
  2 endoplasms
  5 giant cockroaches
  7 goblins
  6 hobgoblins
  7 jackals
  2 quokkas (D:2)
  4 frilled lizards
  14 kobolds
  6 rats
  A spectral goblin (D:2)
  A spectral weapon (D:11)
436 creatures vanquished.

Vanquished Creatures (collateral kills)
  An ice beast (D:6)
1 creature vanquished.

Vanquished Creatures (others)
  A human (D:7)
1 creature vanquished.

Grand Total: 438 creatures vanquished

Notes
Turn   | Place    | Note
-------+----------+-------------------------------------------
     0 | D:1      | pokeman the Deep Elf Hedge Wizard began the quest for the
                  | Orb.
     0 | D:1      | Reached XP level 1. HP: 10/10 MP: 7/7
   310 | D:1      | Reached XP level 2. HP: 15/15 MP: 6/9
   704 | D:2      | Found a faded altar of an unknown god.
  1164 | D:2      | Reached skill level 5 in Spellcasting
  1164 | D:2      | Reached XP level 3. HP: 20/20 MP: 4/11
  1185 | D:1      | Learned a level 3 spell: Mephitic Cloud
  1188 | D:1      | Learned a level 2 spell: Call Imp
  1191 | D:1      | Learned a level 2 spell: Blink
  1356 | D:2      | Reached skill level 1 in Fighting
  1356 | D:2      | Reached skill level 1 in Armour
  1424 | D:2      | Found a glowing golden altar of the Shining One.
  1581 | D:2      | Reached XP level 4. HP: 2/25 MP: 0/13
  2368 | D:3      | Found a burning altar of Makhleb.
  2382 | D:3      | Noticed Ijyb
  2391 | D:3      | Killed Ijyb
  2392 | D:3      | Reached skill level 6 in Spellcasting
  2784 | D:3      | Reached XP level 5. HP: 29/29 MP: 13/15
  2802 | D:3      | Found a shadowy altar of Dithmenos.
  2965 | D:3      | Found a radiant altar of Vehumet.
  2973 | D:3      | Became a worshipper of Vehumet
  3484 | D:4      | Found a staircase to the Ecumenical Temple.
  3528 | D:4      | Learned a level 4 spell: Flame Wave
  3551 | D:4      | You fall into a shaft and drop 3 floors!
  3553 | D:7      | Noticed a water moccasin
  3592 | D:7      | Noticed a water moccasin
  3594 | D:7      | Reached skill level 1 in Shields
  3594 | D:7      | Reached skill level 1 in Air Magic
  3594 | D:7      | Reached XP level 6. HP: 22/34 MP: 3/17
  3601 | D:7      | Reached skill level 7 in Spellcasting
  3606 | D:7      | Killed a water moccasin
  3752 | D:6      | Reached XP level 7. HP: 34/38 MP: 13/20
  3837 | D:5      | Entered Level 5 of the Dungeon
  4315 | D:4      | Reached skill level 8 in Spellcasting
  4315 | D:4      | Reached skill level 1 in Fire Magic
  4335 | D:4      | Found a shimmering blue altar of Sif Muna.
  4402 | D:4      | Found Dyej's Vocational Training.
  4507 | D:4      | Found an ornate altar of the Wu Jian Council.
  4540 | Temple   | Entered the Ecumenical Temple
  4676 | D:5      | Reached skill level 1 in Evocations
  4778 | D:5      | Reached * piety under Vehumet
  4778 | D:5      | Offered knowledge of Sandblast by Vehumet.
  4779 | D:5      | Reached skill level 1 in Poison Magic
  5081 | D:5      | Reached XP level 8. HP: 40/43 MP: 10/22
  5090 | D:5      | Reached skill level 9 in Spellcasting
  5197 | D:5      | Reached skill level 5 in Conjurations
  5630 | D:6      | Noticed Pikel
  5660 | D:6      | Killed Pikel
  5661 | D:6      | Reached skill level 10 in Spellcasting
  5684 | D:6      | Reached XP level 9. HP: 15/48 MP: 12/25
  5919 | D:6      | Reached skill level 11 in Spellcasting
  6022 | D:6      | Found a stormy altar of Qazlal.
  6160 | D:6      | Offered knowledge of Searing Ray by Vehumet.
  6284 | D:6      | Found a blossoming altar of Fedhas.
  6359 | D:6      | Reached ** piety under Vehumet
  6583 | D:6      | Found a sacrificial altar of Ru.
  6666 | D:6      | Found a snail-covered altar of Cheibriados.
  6738 | D:6      | Found a broken altar of Ashenzari.
  6995 | D:7      | Found Rajumom's Antique Armour Boutique.
  7013 | D:7      | Learned a level 5 spell: Freezing Cloud
  7081 | D:7      | Found a white marble altar of Elyvilon.
  7091 | D:7      | Reached skill level 5 in Fire Magic
  7299 | D:7      | Found an ancient bone altar of Kikubaaqudgha.
  7797 | D:8      | Found a runed translucent gate.
  7797 | D:8      | Found a runed translucent gate.
  7797 | D:8      | Found a runed translucent gate.
  7806 | D:8      | Noticed a two-headed ogre
  7809 | D:8      | Reached skill level 12 in Spellcasting
  7809 | D:8      | Reached skill level 1 in Ice Magic
  7824 | D:8      | Offered knowledge of Dazzling Flash by Vehumet.
  7974 | D:8      | Found a glowing silver altar of Zin.
  8048 | D:8      | Reached XP level 10. HP: 36/55 MP: 6/28
  8180 | D:8      | Paralysed by a hornet for 2 turns
  8183 | D:8      | Reached *** piety under Vehumet
  8286 | D:8      | Killed a two-headed ogre
  8287 | D:8      | Reached skill level 13 in Spellcasting
  8400 | D:8      | Found a bloodstained altar of Trog.
  8588 | D:8      | Noticed snackwell's ghost (journeyman DjHs)
  8763 | D:8      | Found a glowing golden altar of the Shining One.
  8838 | D:8      | Found an opulent altar of Gozag.
  9167 | D:8      | Learned a level 6 spell: Plasma Beam
  9313 | D:9      | Offered knowledge of Olgreb's Toxic Radiance by Vehumet.
  9663 | D:10     | Entered Level 10 of the Dungeon
  9737 | D:10     | Noticed a skeletal warrior
  9836 | D:10     | Noticed Maggie
  9845 | D:10     | Noticed Joseph
  9853 | D:10     | Killed Maggie
  9864 | D:10     | Killed Joseph
  9865 | D:10     | Reached skill level 14 in Spellcasting
  9865 | D:10     | Reached skill level 1 in Necromancy
 10254 | D:10     | Noticed Grum
 10271 | D:10     | Killed Grum
 10411 | D:10     | Reached XP level 11. HP: 60/60 MP: 22/31
 10747 | D:10     | Reached **** piety under Vehumet
 10749 | D:10     | Offered knowledge of Lee's Rapid Deconstruction by Vehumet.
 10963 | D:10     | Found a staircase to the Lair.
 11131 | D:10     | Noticed a skeletal warrior
 11132 | D:10     | Noticed a skeletal warrior
 11138 | D:10     | Noticed a skeletal warrior
 11449 | D:11     | Noticed Erolcha
 11452 | D:11     | HP: 3/60 [+2 spectral giant club[Erolcha] (14)]
 11457 | D:11     | Killed Erolcha
 11650 | D:11     | Noticed a two-headed ogre
 11655 | D:11     | Killed a two-headed ogre
 11762 | D:11     | Identified the +2 robe "Cekhuzoo" {Will+}
 11775 | D:11     | Found a shadowy altar of Dithmenos.
 11820 | D:11     | Found Naujuom's Antique Weapon Emporium.
 11918 | D:11     | Noticed a two-headed ogre
 11924 | D:11     | Killed a two-headed ogre
 11925 | D:11     | Reached skill level 15 in Spellcasting
 12119 | D:11     | Learned a level 5 spell: Lee's Rapid Deconstruction
 12286 | D:11     | Reached skill level 1 in Earth Magic
 12543 | D:11     | Identified the ring "Plog" {rN++ Will+ rCorr Str-4 SInv}
 13135 | D:12     | Reached skill level 5 in Shields
 13294 | D:12     | Reached skill level 16 in Spellcasting
 13688 | D:12     | Found a staircase to the Orcish Mines.
 14515 | D:10     | Killed a skeletal warrior
 14516 | D:10     | Reached XP level 12. HP: 64/64 MP: 16/34
 15271 | D:8      | Killed snackwell's ghost
 15272 | D:8      | Reached skill level 10 in Conjurations
 15827 | D:13     | Noticed a two-headed ogre
 15836 | D:13     | Killed a two-headed ogre
 15837 | D:13     | Reached skill level 17 in Spellcasting
 15863 | D:13     | Noticed a boulder beetle
 15867 | D:13     | Killed a boulder beetle
 16076 | D:13     | Noticed a tengu warrior
 16079 | D:13     | Noticed a tengu warrior
 16095 | D:13     | Killed a tengu warrior
 16232 | D:13     | Killed a tengu warrior
 16462 | D:13     | Noticed Faxuebb's ghost (journeyman GnCj)
 16465 | D:13     | Noticed a storm dragon
 16466 | D:13     | Noticed a seven-headed hydra
 16692 | D:13     | Reached ***** piety under Vehumet
 16692 | D:13     | Offered knowledge of Iskenderun's Battlesphere by Vehumet.
 16694 | D:13     | Reached skill level 5 in Armour
 16730 | D:13     | Found a runed translucent gate.
 16730 | D:13     | Found a runed translucent gate.
 16732 | D:13     | Found a runed translucent gate.
 16843 | D:13     | Noticed a two-headed ogre
 16849 | D:13     | Killed a two-headed ogre
 17386 | Lair:1   | Entered Level 1 of the Lair of Beasts
 17455 | Lair:1   | Reached skill level 18 in Spellcasting
 17474 | Lair:1   | Reached skill level 10 in Fire Magic
 17518 | Lair:1   | Noticed Gastronok
 17602 | Lair:1   | Reached XP level 13. HP: 68/68 MP: 27/37
 17619 | Lair:1   | Killed Gastronok
 18306 | Lair:1   | Identified the +1 tower shield of Beauty {rF+ SInv}
 18951 | Lair:2   | Learned a level 5 spell: Iskenderun's Battlesphere
 18963 | Lair:2   | Reached skill level 19 in Spellcasting
 20426 | Lair:3   | Found a hole to the Spider Nest.
 20621 | Lair:3   | Reached skill level 5 in Fighting
 21291 | Lair:3   | Reached skill level 20 in Spellcasting
 21291 | Lair:3   | Reached XP level 14. HP: 78/78 MP: 32/40
 21435 | Lair:3   | Found a staircase to the Swamp.
 22246 | Lair:4   | Noticed Nessos
 22251 | Lair:4   | Killed Nessos
 22264 | Lair:4   | Offered knowledge of Fulminant Prism by Vehumet.
 22340 | Lair:4   | You fall into a shaft and drop 1 floor!
 22340 | Lair:5   | Entered Level 5 of the Lair of Beasts
 22428 | Lair:4   | Found a dark tunnel.
 22433 | Volcano  | Entered a volcano
 22793 | Volcano  | Noticed a stone giant
 22979 | Volcano  | Hit by a large rock thrown by a stone giant

Illustrated notes

Levels and vault maps discovered:
D:1:      zaba_arrival_water, layout_basic, minmay_misc_feat_rows
D:2:      minmay_evil_eye, layout_loops_ring,
          dreamdust_ecumenical_altar_drowned_temple, basic_altar
D:3:      layout_loops_corners, mainiacjoe_overflow_catwalk,
          mainiacjoe_overflow_cross_hatched, lemuel_coloured_pillars_altar,
          uniq_ijyb
D:4:      layout_basic, marbit_many_paths, kennysheep_little_box,
          minmay_temple_entry_purple_smoke, nicolae_shop_vocational
D:5:      minmay_inner_zag, layout_loops_ring
D:6:      layout_loops_ring, nicolae_qazlal_beasts_of_the_sky,
          mainiacjoe_overflow_small_starburst, fedhas_altar_decomposition,
          mainiacjoe_overflow_two_lobes, uniq_pikel
D:7:      layout_loops_ring, mainiacjoe_overflow_alcove_4, tgw_kikubaaqudgha,
          serial_shops, nicolae_shop_crystal, grunt_ministairs_6
D:8:      layout_cave_pools, pdpol_temple_overflow_zin_treasury_gozag_greed,
          trog_butcher_becter, tso_metal_star, gammafunk_ghost_spectres,
          serial_park_tiny_1
D:9:      layout_basic
D:10:     layout_basic, lair_entry_dummy, kennysheep_generic_room_14,
          uniq_joseph, uniq_maggie, uniq_grum
D:11:     layout_stronghold, serial_co_window_serial, co_window_paths_b,
          co_window_paths_a, co_window_paths_a, co_window_paths_a,
          co_window_corner_a, co_window_corner_b, co_window_unsneaky_path_d,
          co_window_corner_ca, co_window_broadway_a, co_window_paths_e,
          co_window_sun, glass_columns_c, glass_columns_b, serial_shops,
          nicolae_square_shop, nicolae_dithmenos_shadow_blocks, uniq_erolcha
D:12:     layout_basic, orc_0_dummy, kb_lookout_dungeons_type
D:13:     layout_loops_cross, gammafunk_ghost_split
Temple:   nicolae_temple_two_arcs
Lair:1:   kb_forest_paths, layout_chaotic_city, infiniplex_staircase_pool_2,
          uniq_gastronok
Lair:2:   layout_regular_city, disabler_island, grunt_megastairs_4,
          serial_bayou_shore_b
Lair:3:   layout_small_grid, swamp_mist, spider_nest_entry_webs,
          minmay_lair_oklob_bushes, minmay_shattered_shrine,
          serial_bayou_shore_b
Lair:4:   layout_gridlike, slime_entry_2, portal_ice_cave_entry_imps,
          enter_volcano_4, uniq_nessos
Lair:5:   minmay_lair_end_enchanted_forest, layout_loops_ring
Volcano:  volcano_grotto [vgs_hot_hot_hot]

Skill      XL: |  1  2  3  4  5  6  7  8  9 10 11 12 13 |
---------------+----------------------------------------+-----
Spellcasting   | 5 6 7 8 10 12 14 16 18 20 | 20.3
Fighting       | 1 2 3 5 |  5.6
Armour         | 1 2 3 5 |  5.2
Conjurations   | 2 3 4 5 7 8 9 11 12 | 12.3
Stealth        | 3 |  3.0
Dodging        | 3 |  3.0
Shields        | 1 2 3 5 |  5.0
Air Magic      | 1 2 |  2.1
Fire Magic     | 1 3 5 7 8 10 11 | 11.6
Evocations     | 1 |  1.0
Poison Magic   | 1 |  1.0
Ice Magic      | 1 |  1.0
Necromancy     | 2 |  2.0
Earth Magic    | 1 |  1.0
Summonings     | |  1.1
Translocations | |  1.1

Action                     |  1- 3 |  4- 6 |  7- 9 | 10-12 | 13-15 || total
---------------------------+-------+-------+-------+-------+-------++-------
  Melee: Whip              |     7 |    31 |    93 |    19 |       ||   150
         Punch             |       |     1 |     1 |     2 |     1 ||     5
         Staff             |       |       |       |    35 |    33 ||    68
   Cast: Magic Dart        |    90 |    52 |   182 |    83 |    25 ||   432
         Mephitic Cloud    |     1 |     8 |    27 |    43 |     9 ||    88
         Call Imp          |       |     1 |     2 |     4 |     2 ||     9
         Flame Wave        |       |       |    12 |    45 |     2 ||    59
         Blink             |       |       |       |     5 |       ||     5
         Freezing Cloud    |       |       |       |    23 |    60 ||    83
         Plasma Beam       |       |       |       |    61 |    65 ||   126
         Iskenderun's Batt |       |       |       |       |     1 ||     1
  Evoke: Wand              |       |     2 |       |     8 |       ||    10
    Use: Scroll            |       |       |       |       |    12 ||    12
   Stab: Confused          |       |     2 |     5 |     7 |     2 ||    16
 Armour: Robe              |     2 |     3 |       |       |       ||     5
         Leather armour    |       |     5 |    50 |    20 |       ||    75
         Steam dragon scal |       |       |       |    29 |    27 ||    56
  Dodge: Dodged            |    18 |    30 |    78 |    86 |    34 ||   246

Table legend: (Time is in decaauts)
 A = Elapsed time spent in this place.
 B = Non-inter-level travel time spent in this place.
 C = Inter-level travel time spent in this place.
 D = Time resting spent in this place.
 E = Time spent auto-exploring this place.
 F = Levels seen in this place.
 G = Mean time per level.
                   A        B        C        D        E       F      G
               +--------+--------+--------+--------+--------+-----+--------+
         Total |  23066 |  21141 |   1925 |   2037 |  15923 |  20 | 1153.3 |
       Dungeon |  17649 |  15947 |   1702 |   1624 |  12011 |  13 | 1357.6 |
        Temple |     34 |     27 |      7 |      0 |      0 |   1 |   34.0 |
          Lair |   4836 |   4620 |    216 |    261 |   3667 |   5 |  967.2 |
       Volcano |    545 |    545 |      0 |    152 |    245 |   1 |  545.0 |
               +--------+--------+--------+--------+--------+-----+--------+

Top non-repeatable levels by time:
    D:10: 2586 daAuts
  Lair:3: 1661 daAuts
     D:8: 1622 daAuts
  Lair:1: 1597 daAuts
    D:13: 1471 daAuts
    D:11: 1461 daAuts
     D:7: 1446 daAuts
     D:2: 1440 daAuts
     D:6: 1387 daAuts
  Lair:2: 1371 daAuts
    D:12: 1309 daAuts
     D:5: 1244 daAuts
     D:3: 1134 daAuts
     D:1: 918 daAuts
     D:9: 916 daAuts
